 Dungeon Crawl Stone Soup version 0.26.1-10-gdfb7c7de75 (webtiles) character file.

Game seed: 42343078091184313

107 sankara the Chopper (level 4, 0/39 HPs)
             Began as a Minotaur Berserker on Apr 4, 2021.
             Was a Believer of Trog.
             Slain by an orc
             ... wielding a +2 flail of protection
              (4 damage)
             ... on level 3 of the Dungeon.
             The game lasted 00:03:47 (1692 turns).

sankara the Chopper (Minotaur Berserker)            Turns: 1692, Time: 00:03:47

Health: 0/39       AC:  9    Str: 21    XL:     4   Next: 56%
Magic:  3/3        EV:  8    Int:  4    God:    Trog [**....]
Gold:   152        SH:  0    Dex: 11    Spells: 3/3 levels left

rFire    . . .     SeeInvis .   a - +0 hand axe
rCold    . . .     Faith    .   (no shield)
rNeg     . . .     Spirit   .   k - +0 chain mail (curse)
rPois    .         Reflect  .   (helmet restricted)
rElec    .         Harm     .   (no cloak)
rCorr    +         Rampage  .   (no gloves)
Will     .....                  (no boots)
Stlth    ..........             (no amulet)
HPRegen  0.13/turn              l - ring of resist corrosion
MPRegen  0.08/turn              (no ring)

@: lethally poisoned (0 -> -3), slowed, very slow
A: retaliatory headbutt, horns 2
a: Renounce Religion, Berserk, Trog's Hand


You were on level 3 of the Dungeon.
You worshipped Trog.
Trog was pleased with you.
You visited 1 branch of the dungeon, and saw 3 of its levels.

You collected 152 gold pieces.

Inventory:

Hand Weapons
 a - a +0 hand axe (weapon)
 o - a +4 dagger
 p - a +0 hunting sling
Missiles
 d - 97 stones
 f - 6 silver javelins
 n - 13 poisoned darts
 q - 2 boomerangs
Armour
 k - a cursed +0 chain mail (worn)
Jewellery
 l - a ring of resist corrosion (left hand)
Scrolls
 b - a scroll of enchant armour {unknown}
 e - 5 scrolls of identify {unknown}
 g - 2 scrolls of fog {unknown}
 h - 2 scrolls of remove curse {unknown}
Potions
 c - 2 potions of ambrosia {unknown}
 i - a potion of degeneration {unknown}
 j - 2 potions of magic {unknown}
 m - a potion of haste {unknown}


   Skills:
 - Level 3.6 Fighting
 * Level 5.7 Axes
 + Level 3.8 Armour
 - Level 2.1 Dodging


You had 3 spell levels left.
You didn't know any spells.
Your spell library was empty.

Dungeon Overview and Level Annotations

Branches:
Dungeon (3/15)

Altars:


Innate Abilities, Weirdness & Mutations

You reflexively headbutt those who attack you in melee.
You have a pair of horns on your head.


Message History

You hit the orc but do no damage. You hit the adder.
You kill the adder!
Trog accepts your kill.
You feel sick. The orc wizard casts a spell at you.
The magic dart hits you but does no damage.
The orc closely misses you.
The orc wizard points at you and mumbles some strange words.
The magic dart hits you but does no damage.
The orc hits you but does no damage.
You closely miss the orc.
You feel sick.
The orc hits you with a +2 flail of protection.
* * * LOW HITPOINT WARNING * * *
Unknown command.
Your chain mail prevents you from hitting the orc.
Your headbutt misses the orc. You hit the orc wizard.
The orc wizard mumbles some strange words.
The orc wizard seems to speed up.
The orc hits you with a +2 flail of protection.
You die...

####### ..... .....
.... #..# #..# #o.#
.. #@o#####.
...###### #)†......
.......<# #....####
........###(..###.
..........(?.......
.......†..#........
...........(.......
.........#.....##..
................#..


You could see an orc wizard (fast) and an orc.

Vanquished Creatures
  Robin (D:2)
  3 adders
  A white imp (D:2)
  2 oozes (D:1)
  2 worms
  An orc (D:3)
  12 goblins
  7 hobgoblins
  4 jackals (D:2)
  4 bats (D:2)
  A frilled lizard (D:3)
  6 kobolds
  4 rats
48 creatures vanquished.

Notes
Turn   | Place    | Note
-------+----------+-------------------------------------------
     0 | D:1      | sankara the Minotaur Berserker began the quest for the Orb.
     0 | D:1      | Reached XP level 1. HP: 19/19 MP: 0/0
   269 | D:1      | Reached skill level 4 in Axes
   273 | D:1      | Reached XP level 2. HP: 22/26 MP: 1/1
   950 | D:2      | Reached XP level 3. HP: 31/31 MP: 2/2
  1036 | D:2      | Noticed Robin
  1045 | D:2      | Reached ** piety under Trog
  1046 | D:2      | Reached skill level 5 in Axes
  1056 | D:2      | Killed Robin
  1274 | D:2      | Reached XP level 4. HP: 39/39 MP: 3/3
  1692 | D:3      | Slain by an orc

Illustrated notes

Levels and vault maps discovered:
D:1:      saegor_arrival_simple_a, layout_loops_cross, minivault_24
D:2:      layout_basic, uniq_robin
D:3:      layout_rooms, cheibrodos_sewer_entry_sluice, tgw_xom

Skill      XL: |  1  2  3 |
---------------+----------+-----
Axes           | 4 5 |  5.7
Armour         | 3 |  3.8
Fighting       | |  3.6
Dodging        | |  2.1

Action                   |  1- 3 |  4- 6 || total
-------------------------+-------+-------++-------
Melee: Hand axe          |    69 |    30 ||    99
       Headbutt          |     9 |     7 ||    16
Armor: Ring mail         |     4 |       ||     4
       Chain mail        |    39 |    26 ||    65
Dodge: Dodged            |    28 |    20 ||    48
